 Dungeon Crawl Stone Soup version 0.31-a0-986-g5e6e4ef867 (webtiles) character file.

Game seed: 8543177885138359577

23 porpoise the Sneak (level 3, 0/19 HPs)
             Began as a Kobold Enchanter on Nov 4, 2023.
             Slain by Sigmund
             ... wielding a +3 scythe of venom
              (8 damage)
             ... on level 2 of the Dungeon.
             The game lasted 00:02:45 (779 turns).

porpoise the Sneak (Kobold Enchanter)                Turns: 779, Time: 00:02:45

Health: 0/19       AC:  2    Str:  5    XL:     3   Next: 12%
Magic:  1/6        EV: 15    Int: 18    God:
Gold:   14         SH:  0    Dex: 15    Spells: 1/6 levels left

rFire   . . .        a - +1 dagger
rCold   . . .        (no shield)
rNeg    . . .        b - +0 robe
rPois   .            (no helmet)
rElec   .            (no cloak)
rCorr   .            (no gloves)
SInv    .            (no boots)
Will    .....        (no amulet)
Stlth   ++++         (no ring)
HPRegen 0.23/turn    (no ring)
MPRegen 0.10/turn

%: no passive effects
@: lethally poisoned (0 -> -7)
A: small, no large weapons, nightstalker 3
a: no special abilities


You were on level 2 of the Dungeon.
You visited 1 branch of the dungeon, and saw 2 of its levels.

You collected 44 gold pieces.
You spent 30 gold pieces at shops.

Inventory:

Hand Weapons
 a - a +1 dagger (weapon)
Armour
 b - a +0 robe (worn)
 i - a +0 leather armour of poison resistance
Scrolls
 d - a scroll of noise {unknown}
 e - a scroll of brand weapon {unknown}
 g - a scroll of teleportation
 h - a scroll of enchant weapon {unknown}
Potions
 c - 2 potions of invisibility
 f - a potion of attraction {unknown}


   Skills:
 + Level 2.4 Short Blades
 - Level 2.4 Dodging
 - Level 4.0 Stealth
 - Level 2.3 Spellcasting
 + Level 3.3 Hexes
 + Level 0.9 Ice Magic


You had one spell level left.
You knew the following spells:

 Your Spells              Type           Power      Damage    Failure   Level
a - Confusing Touch       Hex            14%        N/A       13%         3
e - Ensorcelled Hibernat  Hex/Ice        18%        N/A       11%         2

Your spell library contained the following spells:

 Spells                   Type           Power      Damage    Failure   Level
 Tukima's Dance           Hex            14%        N/A       13%         3
 Dazzling Flash           Conj/Hex       16%        N/A       26%         3
 Passage of Golubria      Tloc           2%         N/A       86%         4
 Silence                  Hex/Air        4%         N/A       94%         5
 Lehudib's Crystal Spear  Conj/Erth      1%         10d2      100%        8


Dungeon Overview and Level Annotations

Branches:
Dungeon (2/15)

Altars:

Shops:
D:1 =*

Annotations:
D:2 Sigmund


Innate Abilities, Weirdness & Mutations

You are small and have problems with some larger weapons.
You are completely attuned to the shadows.


Message History

Press: ? - help, Shift-Dir - straight line, f/p - Sigmund
Aim: Sigmund, wielding a +3 scythe of venom and wearing a +0 robe (chance to affect: 51%)
You miscast Ensorcelled Hibernation.
You are very lightly contaminated with residual magic.
Nothing appears to happen.
Sigmund gestures wildly while chanting.
Sigmund flickers and vanishes!
Deactivating autopickup; reactivate with Ctrl-A.
Casting: Ensorcelled Hibernation (safe; 11% risk of failure)
Confirm with . or Enter, or press ? or * to list all spells.
You can't see any susceptible monsters within range! (Use Z to cast anyway.) Unknown command.
Casting: Ensorcelled Hibernation (safe; 11% risk of failure)
Confirm with . or Enter, or press ? or * to list all spells.
You don't have enough magic to cast this spell.
Unknown command.
Casting: Ensorcelled Hibernation (safe; 11% risk of failure)
Confirm with . or Enter, or press ? or * to list all spells.
Aiming: Ensorcelled Hibernation (safe; 11% risk of failure)
Press: ? - help, Shift-Dir - straight line Nothing appears to happen.
A ball python comes into view.
The ball python hisses angrily.
You hit the ball python.
The ball python is severely wounded.
The ball python barely misses you. x2
You hit the ball python.
You kill the ball python!
Something closely misses you.
A puff of flame appears from out of thin air!
The puff of flame hits you.
Your magical contamination has completely faded away.
Something barely misses you.
You miss something. You completely miss something. Something hits you.
You are poisoned.
You miss something.
You feel very sick.
You miss something.
You feel sick. Something hits you!
You die...

...?....#
........#
........#
....{†..#
....@..<#
........#
#########


There were no monsters in sight!

Vanquished Creatures
  A dart slug (D:1)
  3 ball pythons
  2 endoplasms (D:1)
  4 giant cockroaches (D:1)
  A goblin (D:1)
  A quokka (D:1)
  3 bats (D:1)
  4 frilled lizards (D:1)
  A rat (D:1)
20 creatures vanquished.

Notes
Turn   | Place    | Note
-------+----------+-------------------------------------------
     0 | D:1      | porpoise the Kobold Enchanter began the quest for the Orb.
     0 | D:1      | Reached XP level 1. HP: 10/10 MP: 3/3
   261 | D:1      | Reached XP level 2. HP: 15/15 MP: 5/5
   264 | D:1      | Learned a level 2 spell: Ensorcelled Hibernation
   287 | D:1      | Found Yssidoma's General Store.
   297 | D:1      | Bought a scroll of teleportation for 30 gold pieces
   511 | D:1      | Found Adifri's Jewellery Emporium.
   577 | D:1      | Reached XP level 3. HP: 19/19 MP: 6/6
   581 | D:1      | Learned a level 3 spell: Confusing Touch
   765 | D:2      | Noticed Sigmund
   779 | D:2      | Slain by Sigmund

Illustrated notes

Levels and vault maps discovered:
D:1:      amcnicky_arrival_gap_in_the_tavern_cellar, layout_basic, serial_shops,
          nicolae_shop_stone, shop, st_stairs_10, minmay_misc_feat_enclosed,
          minmay_liquid_box, minmay_tromino_v7
D:2:      layout_basic, serial_shops, shop, uniq_sigmund

Skill      XL: |  1  2 |
---------------+-------+-----
Short Blades   | 2 |  2.4
Dodging        | |  2.4
Stealth        | |  4.0
Spellcasting   | |  2.3
Hexes          | |  3.3
Ice Magic      | |  0.9

Action                     || total
---------------------------++-------
  Melee: Dagger            ||    37
   Cast: Ensorcelled Hiber ||     2
   Stab: Sleeping          ||    13
 Armour: Robe              ||     8
  Dodge: Dodged            ||    19

Table legend: (Time is in decaauts)
 A = Elapsed time spent in this place.
 B = Non-inter-level travel time spent in this place.
 C = Inter-level travel time spent in this place.
 D = Time resting spent in this place.
 E = Time spent auto-exploring this place.
 F = Levels seen in this place.
 G = Mean time per level.
                   A        B        C        D        E       F      G
               +--------+--------+--------+--------+--------+-----+--------+
         Total |    775 |    745 |     30 |     25 |    608 |   2 |  387.5 |
       Dungeon |    775 |    745 |     30 |     25 |    608 |   2 |  387.5 |
               +--------+--------+--------+--------+--------+-----+--------+

Top non-repeatable levels by time:
     D:1: 762 daAuts
     D:2: 13 daAuts
